 Dungeon Crawl Stone Soup version 0.31-a0-188-g5e087ee2ca (webtiles) character file.

Game seed: 2330460135316846231

169 qw the Skirmisher (level 5, 0/29 HPs)
             Began as a Deep Elf Hunter on June 22, 2023.
             Slain by a black bear (3 damage)
             ... on level 3 of the Dungeon.
             The game lasted 00:00:43 (2028 turns).

qw the Skirmisher (Deep Elf Hunter)                 Turns: 2028, Time: 00:00:44

Health: 0/29       AC:  7    Str: 10    XL:     5   Next: 25%
Magic:  7/7        EV: 11    Int: 14    God:
Gold:   149        SH:  0    Dex: 18    Spells: 4/4 levels left

rFire   . . .        Y - +1 shortbow
rCold   . . .        (shield currently unavailable)
rNeg    . . .        g - +0 ring mail
rPois   .            (no helmet)
rElec   .            (no cloak)
rCorr   .            (no gloves)
SInv    .            i - +1 pair of boots
Will    .....        (no amulet)
Stlth   +            (no ring)
HPRegen 0.24/turn    (no ring)
MPRegen 0.10/turn

%: no passive effects
@: about to teleport
A: no striking features
a: no special abilities


You were on level 3 of the Dungeon.
You visited 1 branch of the dungeon, and saw 3 of its levels.

You collected 149 gold pieces.


   Skills:
 - Level 1.5 Fighting
 + Level 8.7 Ranged Weapons
 - Level 2.4 Dodging
 - Level 1.2 Stealth


You had 4 spell levels left.
You didn't know any spells.
Your spell library was empty.

Inventory:

Hand Weapons
 Y - a +1 shortbow (weapon)
Armour
 g - a +0 ring mail (worn)
 i - a +1 pair of boots (worn)
Scrolls
 a - 2 scrolls of identify
 e - a scroll of teleportation
Potions
 b - 2 potions of curing {unknown}
 c - a potion of mutation {unknown}

Dungeon Overview and Level Annotations

Branches:
Dungeon (3/15)

Altars:
Nemelex Xobeh


Message History

The arrow hits the black bear but does no damage.
The black bear is heavily wounded.
The black bear bites you but does no damage.
The black bear claws you but does no damage.
The black bear barely misses you.
You shoot an arrow. The arrow hits the black bear.
The black bear is severely wounded.
The black bear barely misses you.
The black bear claws you but does no damage.
The black bear barely misses you.
You shoot an arrow. The arrow barely misses the black bear.
The black bear bites you. The black bear claws you.
The black bear barely misses you.
You shoot an arrow. The arrow hits the black bear.
The black bear is almost dead.
The black bear bites you but does no damage.
The black bear claws you but does no damage.
The black bear closely misses you.
You shoot an arrow. The arrow hits the black bear.
The black bear is almost dead.
The frilled lizard bites you but does no damage.
The black bear goes berserk!
You shoot an arrow. The arrow hits the black bear.
The black bear is almost dead.
The black bear bites you. The black bear completely misses you.
The black bear barely misses you. The frilled lizard misses you.
The black bear barely misses you. The black bear claws you. x2
You shoot an arrow. The arrow barely misses the black bear.
The black bear bites you!
The black bear claws you but does no damage. x2
The frilled lizard barely misses you.
The black bear bites you but does no damage.
The black bear claws you but does no damage. x2
The frilled lizard barely misses you.
2028 ||| READING 2 scrolls of teleportation.
As you read the scroll of teleportation, it crumbles to dust.
You feel strangely unstable. The black bear barely misses you.
The black bear misses you. The black bear claws you.
You die...

#..~~.~
###.##..
...~#~#~~
..#.##.#
###.#8.~#
#.#.##.#
#.~~~~.
#.#.##.#
#.###.~ #
#.#.##.# #. #.~
...###.#.##.# #
#..
.#....lh.##.#
#~~
.....$.@....#
..####.####.#
##.####.#
#.......#######
#..###........#
#..
#........######
...
#.#####........
#.# #.
#..###### ..
#..# #.


You could see a black bear (berserk) and a frilled lizard.

Vanquished Creatures
  A jelly (D:3)
  4 gnolls (D:3)
  3 adders
  2 dart slugs (D:1)
  4 worms
  An orc (D:3)
  6 bats
  5 endoplasms
  3 giant cockroaches (D:2)
  4 hobgoblins
  3 quokkas (D:1)
  6 ball pythons
  2 frilled lizards
  4 goblins
  6 kobolds
  8 rats
  A spectral hobgoblin (D:3)
63 creatures vanquished.

Notes
Turn   | Place    | Note
-------+----------+-------------------------------------------
     0 | D:1      | qw the Deep Elf Hunter began the quest for the Orb.
     0 | D:1      | Reached XP level 1. HP: 12/12 MP: 3/3
     0 | D:1      | 0 ||| qw: Version: 0.3-a-9-g12657ce
     0 | D:1      | 0 ||| qw: Game counter: 3024
     0 | D:1      | 0 ||| qw: Always use a shield: true
     0 | D:1      | 0 ||| qw: God list: Okawaru
     0 | D:1      | 0 ||| qw: Allow faded altars: false
     0 | D:1      | 0 ||| qw: Do Orc after D:15 true
     0 | D:1      | 0 ||| qw: Do second Lair branch before Depths: true
     0 | D:1      | 0 ||| qw: Lair rune preference: random
     0 | D:1      | 0 ||| qw: Plans: Normal
     0 | D:1      | 0 ||| PLANNING D:1-11
   140 | D:1      | Reached skill level 6 in Ranged Weapons
   140 | D:1      | Reached XP level 2. HP: 16/16 MP: 4/4
   694 | D:1      | 694 ||| UPGRADING to +1 pair of boots.
   699 | D:1      | 699 ||| READING 5 scrolls labelled AMAPLIDEHE.
   700 | D:1      | 700 ||| READING scroll labelled ACOS VUUBE.
   704 | D:1      | 704 ||| READING scroll labelled HATEGE CINYT.
   705 | D:1      | 705 ||| READING scroll labelled MANEG QEUGUMP.
   706 | D:1      | 706 ||| READING 4 scrolls of identify.
   706 | D:1      | 706 ||| IDENTIFYING golden potion
   707 | D:1      | 707 ||| DROPPING scroll of butterflies.
   708 | D:1      | 708 ||| DROPPING potion of magic.
   736 | D:2      | Reached XP level 3. HP: 20/20 MP: 5/5
   940 | D:2      | Reached skill level 7 in Ranged Weapons
  1073 | D:2      | Found a sparkling altar of Nemelex Xobeh.
  1413 | D:2      | Reached XP level 4. HP: 25/25 MP: 6/6
  1603 | D:2      | 1603 ||| UPGRADING to +0 ring mail.
  1613 | D:2      | 1613 ||| DROPPING +0 leather armour.
  1614 | D:2      | 1614 ||| READING 3 scrolls labelled APHETEDYUC.
  1615 | D:2      | 1615 ||| READING 3 scrolls of identify.
  1615 | D:2      | 1615 ||| IDENTIFYING viscous pink potion
  1616 | D:2      | 1616 ||| READING 2 scrolls of identify.
  1616 | D:2      | 1616 ||| IDENTIFYING smoky inky potion
  1617 | D:2      | 1617 ||| DROPPING potion of invisibility.
  1618 | D:2      | 1618 ||| DROPPING potion of degeneration.
  1619 | D:2      | 1619 ||| DROPPING 2 scrolls of blinking.
  1720 | D:3      | Reached skill level 8 in Ranged Weapons
  1800 | D:3      | Found a faded altar of an unknown god.
  1874 | D:3      | Reached XP level 5. HP: 29/29 MP: 7/7
  2014 | D:3      | Noticed a black bear
  2027 | D:3      | HP: 2/29 [black bear (7)]
  2028 | D:3      | 2028 ||| READING 2 scrolls of teleportation.
  2028 | D:3      | Slain by a black bear

Levels and vault maps discovered:
D:1:      dpeg_arrival_solitude, layout_loops_ring, dreamdust_princess_corridor,
          hangedman_abyss_or_decor_stabs, nrook_uturn
D:2:      kennysheep_big_flooded_room, layout_loops_ring, basic_altar,
          kennysheep_minor_cross
D:3:      layout_loops_ring, vehumet_statue,
          dreamdust_ecumenical_altar_drowned_temple

Skill      XL: |  1  2  3  4 |
---------------+-------------+-----
Ranged Weapons | 6 7 8 |  8.7
Fighting       | |  1.5
Dodging        | |  2.4
Stealth        | |  1.2

Action                     |  1- 3 |  4- 6 || total
---------------------------+-------+-------++-------
   Fire: Shortbow          |    95 |    66 ||   161
    Use: Scroll            |     5 |     4 ||     9
 Armour: Leather armour    |     6 |       ||     6
         Ring mail         |       |    23 ||    23
  Dodge: Dodged            |    10 |    24 ||    34

Table legend:
 A = Non-vault XP
 B = Vault XP
 C = Vault XP percentage of total XP
 D = Non-vault monster count
 E = Vault monster count
 F = Vault count percentage of total count
                 A         B        C        D         E       F
            +---------+---------+-------+---------+---------+-------
      Total |     226 |      16 |   6.6 |      60 |       3 |   4.8
            +---------+---------+-------+---------+---------+-------
        D:1 |      39 |       0 |   0.0 |      20 |       0 |   0.0
        D:2 |      54 |      15 |  21.7 |      22 |       2 |   8.3
        D:3 |     133 |       1 |   0.7 |      18 |       1 |   5.3
            +---------+---------+-------+---------+---------+-------
